 Dungeon Crawl Stone Soup version 0.25.1-9-gc5326a611f (webtiles) character file.

Game seed: 18056360709254008044

7535 Clowwww the Cleaver (level 10, -15/76 HPs)
             Began as a Demonspawn Fighter on Jan 3, 2021.
             Was an Elder of Okawaru.
             Demolished by a death yak (18 damage)
             ... on level 10 of the Dungeon.
             The game lasted 00:26:31 (11120 turns).

Clowwww the Cleaver (Demonspawn Fighter)           Turns: 11120, Time: 00:26:31

Health: -15/76     AC: 12    Str: 19    XL:     10   Next: 96%
Magic:  0/19       EV:  9    Int: 10    God:    Okawaru [****..]
Gold:   572        SH: 14    Dex: 13    Spells: 9/9 levels left

rFire    . . .     SeeInvis .   a - +2 war axe
rCold    . . .     Gourm    .   c - +0 kite shield
rNeg     . . .     Faith    .   b - +1 scale mail
rPois    .         Spirit   +   e - +1 hat
rElec    .         Reflect  .   F - +0 cloak {MR+}
rCorr    .         Harm     .   t - +0 pair of gloves
MR       ++...                  (no boots)
Stlth    ..........             (no amulet)
HPRegen  0.22/turn              h - ring of magical power
MPRegen  0.16/turn              k - ring of protection from magic

@: no status effects
A: antennae 2, large bone plates 1, powered by death 2, magic shield
a: Heroism, Renounce Religion


You were on level 10 of the Dungeon.
You worshipped Okawaru.
Okawaru was greatly pleased with you.
You were not hungry.

You visited 2 branches of the dungeon, and saw 11 of its levels.

You collected 572 gold pieces.

Inventory:

Hand Weapons
 a - a +2 war axe (weapon)
Missiles
 d - 3 silver boomerangs (quivered)
Armour
 b - a +1 scale mail (worn)
 c - a +0 kite shield (worn)
 e - a +1 hat (worn)
 t - a +0 pair of gloves (worn)
 F - a +0 cloak of magic resistance (worn)
Jewellery
 h - a ring of magical power (left hand)
 k - a ring of protection from magic (right hand)
Wands
 g - a wand of enslavement (7)
 j - a wand of polymorph (9)
 o - a wand of digging (3)
 w - a wand of flame (13)
 z - a wand of iceblast (3)
 A - a wand of acid (2)
 B - a wand of random effects (13)
 D - a wand of paralysis (8)
Scrolls
 i - 7 scrolls of magic mapping
 p - 2 scrolls of teleportation
 s - a scroll of amnesia
 u - 2 scrolls of identify
 x - 4 scrolls of remove curse
 y - a scroll of fog
 E - a scroll of blinking {unknown}
 H - 2 scrolls of vulnerability {unknown}
Potions
 l - a potion of berserk rage {unknown}
 m - 2 potions of magic
 n - 2 potions of lignification
 q - 3 potions of curing
 r - 3 potions of brilliance
 v - 2 potions of flight
 C - a potion of might
Comestibles
 f - 19 rations
 G - 6 chunks of flesh


   Skills:
 + Level 6.0 Fighting
 * Level 11.9 Axes
 + Level 1.2 Throwing
 + Level 5.6 Armour
 + Level 3.0 Dodging
 + Level 0.1 Stealth
 + Level 6.3 Shields
 + Level 1.3 Evocations


You had 9 spell levels left.
You didn't know any spells.
Your spell library contained the following spells:

 Spells                   Type           Power        Failure   Level  Hunger
 Animate Skeleton         Necr           N/A          97%         1    ##.....
 Apportation              Tloc           #.....       97%         1    ##.....
 Corona                   Hex            #......      97%         1    ##.....
 Magic Dart               Conj           #...         97%         1    ##.....
 Summon Small Mammal      Summ           #...         97%         1    ##.....
 Searing Ray              Conj           #.....       99%         2    ###....
 Dazzling Flash           Conj/Hex       #.....       100%        3    ####...
 Fulminant Prism          Conj/Hex       #.........   100%        4    #####..
 Iskenderun's Mystic Bla  Conj/Tloc      #.......     100%        4    #####..


Dungeon Overview and Level Annotations

Branches:
Dungeon (10/15)            Temple (1/1) D:6            Lair (0/6) D:10
    Orc (0/2) D:10

Altars:
Ashenzari
Fedhas
Gozag
Kikubaaqudgha
Okawaru
Sif Muna
Uskayaw
Vehumet
Xom


Innate Abilities, Weirdness & Mutations

You have a pair of antennae on your head.
You are partially covered in large bone plates. (SH +4)
You regenerate health from kills.
When hurt, damage is shared between your health and your magic reserves.


Message History

Aiming: Corrosive Bolt
Press: ? - help, Shift-Dir - straight line, f/p - death yak
Aim: a death yak (heavily wounded)
The bolt of acid hits the death yak!
The death yak is splashed with acid.
The death yak is severely wounded.
The death yak gores you!
* * * LOW HITPOINT WARNING * * *
Okay, then.
Okay, then.
You don't have enough magic at the moment.
Okay, then.
Evoke which item? (* to show all) (? for menu, Esc to quit)
Aiming: Corrosive Bolt
Press: ? - help, Shift-Dir - straight line, f/p - death yak
Aim: a death yak (severely wounded)
The bolt of acid hits the death yak!
The death yak is splashed with acid.
The acid corrodes the death yak!
The death yak is almost dead.
The death yak gores you!!
You die...

#......#.##........
......
....#.#####........
......
#...#.#####........
......
##....##.##.......##
..#...
................... .# #
#... ...##..............
... .....
...#.....:.......#. #...
.....
...#.............####....
.#...
...#.>........(.@........
#...
.................Y.......
###.
.........................
>.
................#.#......
.
....#...........#........
.
##.###.###.....##........
#......# ###.###........#
#......# ##.####...#....
###.#### #....##≈≈≈..#;≈


You could see a death yak (corroded).

Vanquished Creatures
  2 death yaks (D:9)
  Pikel (D:6)
  Maurice (D:9)
  A yaktaur (D:4)
  A polar bear (D:10)
  A wyvern (D:8)
  A steam dragon (D:9)
  4 yaks (D:10)
  Eustachio (D:6)
  2 hungry ghosts
  A slave (D:6)
  5 ice beasts
  2 sky beasts
  2 orc warriors
  3 phantoms
  4 ogres
  A wolf (D:10)
  A centaur (D:5)
  A big kobold (D:8)
  3 bullfrogs
  A wyvern skeleton (D:9)
  2 scorpions (D:9)
  A water moccasin zombie (D:9)
  3 killer bees (D:8)
  A wight (D:7)
  A howler monkey (D:5)
  A crimson imp (D:5)
  7 jellies
  2 bullfrog skeletons
  7 hounds
  4 orc priests
  A centaur skeleton (D:10)
  Crazy Yiuf (D:2)
  An iguana (D:9)
  5 orc wizards
  A hell rat (D:10)
  8 worker ants
  2 centaur simulacra (D:10)
  3 hound zombies
  8 gnolls
  A howler monkey skeleton (D:7)
  10 adders
  A river rat (D:10)
  A shadow imp (D:7)
  A white imp (D:10)
  A worker ant simulacrum (D:10)
  6 oozes
  3 adder skeletons
  2 worms (D:2)
  2 dart slugs (D:3)
  41 orcs
  4 giant cockroaches
  17 hobgoblins
  12 jackals
  25 kobolds
  4 quokkas
  2 ball pythons
  3 bats
  9 frilled lizards
  12 goblins
  A leopard gecko skeleton (D:5)
  A quokka skeleton (D:5)
  6 rats
263 creatures vanquished.

Vanquished Creatures (others)
  A human (D:3)
1 creature vanquished.

Grand Total: 264 creatures vanquished

Notes
Turn   | Place    | Note
-------+----------+-------------------------------------------
     0 | D:1      | Clowwww the Demonspawn Fighter began the quest for the Orb.
     0 | D:1      | Reached XP level 1. HP: 18/18 MP: 1/1
   404 | D:1      | Reached skill level 2 in Axes
   441 | D:1      | Gained mutation: You are partially covered in large bone
                  | plates. (SH +4) [demonic ancestry]
   441 | D:1      | Reached XP level 2. HP: 24/24 MP: 2/2
   907 | D:2      | Gained mutation: You regenerate a little health from kills.
                  | [demonic ancestry]
   907 | D:2      | Reached XP level 3. HP: 28/29 MP: 3/3
  1500 | D:2      | Found a runed translucent door.
  1501 | D:2      | Noticed Crazy Yiuf
  1507 | D:2      | Killed Crazy Yiuf
  1507 | D:2      | Reached skill level 3 in Axes
  1507 | D:2      | Reached XP level 4. HP: 35/35 MP: 4/4
  1697 | D:3      | Found an ancient bone altar of Kikubaaqudgha.
  1699 | D:3      | Noticed a human
  1700 | D:3      | Killed a human
  2714 | D:4      | Reached XP level 5. HP: 24/41 MP: 5/5
  3223 | D:4      | Reached skill level 4 in Axes
  3241 | D:4      | Noticed an ice beast
  3249 | D:4      | Noticed a black bear
  3249 | D:4      | an ice beast changed into a black bear
  3250 | D:4      | Noticed a spiny frog
  3250 | D:4      | a black bear changed into a spiny frog
  3251 | D:4      | Noticed a yaktaur
  3251 | D:4      | a spiny frog changed into a yaktaur
  3264 | D:4      | Killed a yaktaur
  3264 | D:4      | Reached skill level 1 in Dodging
  3264 | D:4      | Gained mutation: When hurt, damage is shared between your
                  | health and your magic reserves. [demonic ancestry]
  3264 | D:4      | Reached XP level 6. HP: 22/47 MP: 6/6
  3499 | D:4      | Reached XP level 7. HP: 20/52 MP: 3/7
  3724 | D:4      | Reached skill level 5 in Axes
  3802 | D:4      | You fall into a shaft and drop 3 floors!
  3916 | D:5      | Entered Level 5 of the Dungeon
  4436 | D:5      | Reached skill level 6 in Axes
  4816 | D:4      | Gained mutation: You have a pair of small antennae on your
                  | head. [demonic ancestry]
  4816 | D:4      | Reached XP level 8. HP: 58/60 MP: 8/8
  5488 | D:5      | Reached skill level 7 in Axes
  5767 | D:6      | Found a hide-covered altar of Uskayaw.
  5870 | D:6      | Noticed Eustachio
  5886 | D:6      | Killed Eustachio
  5979 | D:6      | Reached skill level 8 in Axes
  6115 | D:6      | Noticed Pikel
  6140 | D:6      | Killed Pikel
  6140 | D:6      | Reached skill level 5 in Shields
  6140 | D:6      | Gained mutation: You have a pair of antennae on your head.
                  | [demonic ancestry]
  6140 | D:6      | Reached XP level 9. HP: 42/66 MP: 3/9
  6278 | D:6      | Found a staircase to the Ecumenical Temple.
  6284 | Temple   | Entered the Ecumenical Temple
  6321 | Temple   | Became a worshipper of Warmaster Okawaru
  6400 | D:6      | Found a radiant altar of Vehumet.
  6423 | D:6      | Found an opulent altar of Gozag.
  6765 | D:7      | Reached skill level 9 in Axes
  7459 | D:7      | Reached * piety under Okawaru
  7634 | D:7      | Reached skill level 10 in Axes
  7634 | D:7      | Reached skill level 1 in Throwing
  8404 | D:8      | Reached skill level 5 in Fighting
  8909 | D:8      | Reached skill level 5 in Armour
  8909 | D:8      | Gained mutation: You regenerate health from kills. [demonic
                  | ancestry]
  8909 | D:8      | Reached XP level 10. HP: 60/74 MP: 10/10
  9027 | D:8      | Reached ** piety under Okawaru
  9182 | D:8      | Found a shimmering blue altar of Sif Muna.
 10288 | D:9      | Noticed Maurice
 10317 | D:9      | Killed Maurice
 10317 | D:9      | Reached skill level 11 in Axes
 10491 | D:9      | Found a shattered altar of Ashenzari.
 10519 | D:10     | Entered Level 10 of the Dungeon
 10554 | D:10     | Found a staircase to the Orcish Mines.
 10575 | D:10     | Noticed a death yak
 10580 | D:10     | Noticed a death yak
 10581 | D:10     | Noticed a death yak
 10609 | D:9      | Killed a death yak
 10609 | D:9      | Reached *** piety under Okawaru
 10614 | D:9      | Killed a death yak
 10879 | D:10     | Found a staircase to the Lair.
 10917 | D:10     | Reached skill level 1 in Evocations
 10921 | D:10     | Reached **** piety under Okawaru
 11119 | D:10     | HP: 2/76 [death yak (11)]
 11120 | D:10     | Demolished by a death yak

Illustrated notes

Levels and vault maps discovered:
D:1:      ncdulo_wetmaze, layout_basic, solitary_fountain
D:2:      layout_basic, chequers_mini_garden, uniq_crazy_yiuf_cottage
D:3:      layout_loops_ring, first_ration, tgw_kikubaaqudgha
D:4:      layout_basic
D:5:      corexii_shantytown, layout_loops_cross, minmay_misc_feat_plants
D:6:      layout_cave_pods, kennysheep_mini_moat,
          eat_drink_and_be_merry_uskayaw, minmay_temple_entry_hall, nrook_uturn,
          grunt_gozag_breadcrumbs, uniq_pikel, uniq_eustachio
D:7:      wad_guarded_room, layout_gridville, serial_rivers,
          chequers_serial_rivers_micro_b, chequers_serial_rivers_small_3,
          chequers_serial_rivers_micro_b, chequers_serial_rivers_room_a,
          chequers_serial_rivers_micro_c, minmay_misc_feat_roman,
          ebering_dispersal_statue_hall
D:8:      layout_basic, led_sif_pool
D:9:      layout_small_grid, marbit_many_paths, hangedman_little_slice_of_home,
          uniq_maurice
D:10:     layout_cave_pools, dpeg_lair_monsters, serial_ice, serial_ice_l,
          serial_ice_d, serial_ice_b, serial_ice_n
Temple:   dpeg_five_rooms_temple

Skill      XL: |  1  2  3  4  5  6  7  8  9 10 |
---------------+-------------------------------+-----
Axes           | 2 3 4 6 8 10 11 | 11.9
Shields        | 3 4 5 6 |  6.3
Armour         | 3 4 5 |  5.6
Dodging        | 1 2 3 |  3.0
Fighting       | 4 5 6 |  6.0
Throwing       | 1 |  1.2
Evocations     | 1 |  1.3
Stealth        | |  0.1

Action                   |  1- 3 |  4- 6 |  7- 9 | 10-12 || total
-------------------------+-------+-------+-------+-------++-------
Melee: War axe           |   155 |   183 |   548 |   228 ||  1114
Throw: Boomerang         |       |       |    14 |    14 ||    28
Invok: Heroism           |       |       |       |     2 ||     2
Evoke: Wand              |       |     4 |       |     8 ||    12
  Use: Potion            |     1 |     9 |     1 |     2 ||    13
       Scroll            |       |     7 |    10 |     2 ||    19
  Eat: Chunk             |     2 |     6 |    19 |     5 ||    32
       Ration            |       |       |     2 |     1 ||     3
Armor: Scale mail        |    57 |    68 |   170 |    57 ||   352
Dodge: Dodged            |    47 |    43 |   139 |    65 ||   294
Block: Kite shield       |   104 |   133 |   361 |   151 ||   749
